 Dungeon Crawl Stone Soup version 0.17.0-28-g6e173f8 (webtiles) character file.

1725 HolyRage the Magician (level 8, -3/52 HPs)
             Began as a High Elf Fire Elementalist on Nov 29, 2015.
             Slain by an iguana (13 damage)
             ... on level 7 of the Dungeon.
             The game lasted 00:59:51 (7696 turns).

HolyRage the Magician (High Elf Fire Elementalist)  Turns: 7696, Time: 00:59:51

Health: -3/52      AC:  5    Str:  7    XL:     8   Next: 75%
Magic:  6/19       EV: 14    Int: 21    God:
Gold:   186        SH:  0    Dex: 16    Spells: 5 memorised, 5 levels left

rFire  + . .     SeeInvis .     i - +1 short sword (holy)
rCold  . . .     Clarity  .     a - +0 robe
rNeg   . . .     SustAt   .     (no shield)
rPois  .         Gourm    .     (no helmet)
rElec  .         Spirit   .     (no cloak)
rCorr  .         Warding  .     (no gloves)
rMut   .         Stasis   .     j - +2 pair of boots {Fly}
MR     .....                    (no amulet)
Stlth  ++........               (no ring)
                                l - ring of protection from fire

@: flying, very slightly contaminated, not resistant to hostile enchantments,
unstealthy
A: no striking features
a: Stop Flying


You were on level 7 of the Dungeon.
You were not hungry.

You visited 1 branch of the dungeon, and saw 7 of its levels.
You also visited: Ossuary.

You collected 186 gold pieces.

Inventory:

Hand Weapons
 d - a +0 hunting sling
 i - a +1 short sword of holy wrath (weapon)
 C - a +0 dagger of electrocution
 E - a +1 dagger of freezing
Missiles
 n - 34 sling bullets (quivered)
Armour
 a - a +0 robe (worn)
 j - a +2 pair of boots of flying (worn)
Rods
 e - a -1 rod of inaccuracy (12/12)
   (You found it on level 7 of the Dungeon)
Jewellery
 l - a ring of protection from fire (left hand)
Wands
 p - a wand of magic darts (17)
Scrolls
 f - a scroll of remove curse
 s - a scroll of fog
 A - 3 scrolls of amnesia
 D - a scroll of teleportation
Potions
 g - a potion of might {unknown}
 h - 4 potions of curing
 k - a potion of flight {unknown}
 r - 4 potions of lignification
 u - a potion of degeneration {unknown}
 v - a potion of ambrosia {unknown}
 w - a potion of magic {unknown}
 x - a potion of invisibility {unknown}
 z - a potion of berserk rage {unknown}
Books
 b - a book of Flames

   Spells                             Type                      Level
   a - Flame Tongue                   Conjuration/Fire             1
   b - Throw Flame                    Conjuration/Fire             2
   c - Conjure Flame                  Conjuration/Fire             3
   d - Inner Flame                    Hexes/Fire                   3
   e - Sticky Flame                   Conjuration/Fire             4
   f - Fireball                       Conjuration/Fire             5
 y - a book of Power

   Spells                             Type                      Level
   a - Fulminant Prism                Conjuration/Hexes            4
   b - Iskenderun's Mystic Blast      Conjuration                  4
   c - Venom Bolt                     Conjuration/Poison           5
   d - Bolt of Magma                  Conjuration/Fire/Earth       5
   e - Iron Shot                      Conjuration/Earth            6
   f - Orb of Destruction             Conjuration                  7
   g - Spellforged Servitor           Conjuration/Summoning        7
Comestibles
 c - 6 bread rations
 m - a slice of pizza
 o - 3 meat rations
 q - 18 fruits
 t - a beef jerky
 B - 7 chunks of flesh


   Skills:
 * Level 3.0 Fighting
 * Level 3.8 Short Blades
 * Level 4.2 Dodging
 - Level 2.1 Stealth
 + Level 6.7 Spellcasting
 + Level 5.8 Conjurations
 + Level 6.2 Fire Magic
 + Level 0.2 Evocations


You had 5 spell levels left.
You knew the following spells:

 Your Spells              Type           Power        Failure   Level  Hunger
a - Flame Tongue          Conj/Fire      ####.        1%          1    None
b - Throw Flame           Conj/Fire      ####..       1%          2    None
c - Conjure Flame         Conj/Fire      ####....     2%          3    #......
d - Sticky Flame          Conj/Fire      ####....     10%         4    ###....
e - Fireball              Conj/Fire      ####......   24%         5    #####..


Dungeon Overview and Level Annotations

Branches:
Dungeon (7/15)             Temple (0/1) D:6

Altars:
Ashenzari
Fedhas
Gozag
Qazlal
Ru
Zin
The Shining One

Shops:
D:6 :


Message History

Casting: Sticky Flame
Confirm with . or Enter, or press ? or * to list all spells.
Aiming: Sticky Flame
Press: ? - help, Shift-Dir - straight line, f/p - centaur
Aim: a centaur (heavily wounded, covered in liquid flames)
You miscast Sticky Flame.
You are very lightly contaminated with residual magic.
The air around you burns with energy!
The centaur burns!
The centaur barely misses you. The iguana barely misses you.
The centaur hits you!
The centaur burns!
The centaur hits you.
Casting: Sticky Flame
Confirm with . or Enter, or press ? or * to list all spells.
Aiming: Sticky Flame
Press: ? - help, Shift-Dir - straight line, f - iguana, p - centaur
Aim: an iguana You miscast Sticky Flame.
You resist.
You are blasted with fire.
* * * LOW HITPOINT WARNING * * *
The centaur burns!
The centaur barely misses you. The iguana bites you!
You die...

#.#### #.#.....#
####....#.##.#.#.<.###
#..'....#....#+##....#
#.##....##...........#######
#.##....##.................#
#.########.................#
#'#### #.................#
.....# #......c.(........#
.....# +......@l..?.!....#
..)..## #..........########
.<....# ####..$....# .)....#
##........ ...##.#
#.......## ......# +.......#
.....## #........ .....#
#......#.# .....#


You could see a centaur (burning) and an iguana.

Vanquished Creatures
  A two-headed ogre (D:4)
  Eustachio (D:6)
  2 sky beasts (D:6)
  A black bear (D:5)
  An ogre (D:3)
  An ice beast (D:5)
  A centaur (D:5)
  A bog body (Ossuary)
  2 hounds
  4 crimson imps
  2 jellies (D:5)
  A centaur skeleton (D:3)
  2 orc priests
  2 giant frog skeletons
  3 worker ants
  6 orc wizards
  The ghost of M4edhros the Charlatan, a weakling OpAr (D:3)
  7 adders
  3 worms
  3 giant geckos
  14 orcs
  5 giant cockroaches
  6 goblins
  6 hobgoblins
  5 jackals
  4 quokkas
  10 bats
  6 giant newts
  2 goblin zombies (D:6)
  8 kobolds
  A quokka skeleton (D:5)
  10 rats
122 creatures vanquished.

Notes
Turn   | Place    | Note
--------------------------------------------------------------
     0 | D:1      | HolyRage the High Elf Fire Elementalist began the quest for the Orb.
     0 | D:1      | Reached XP level 1. HP: 11/11 MP: 4/4
   521 | D:1      | Reached XP level 2. HP: 17/17 MP: 2/6
  1504 | D:2      | Reached XP level 3. HP: 21/21 MP: 0/8
  1603 | D:2      | Learned a level 2 spell: Throw Flame
  1607 | D:2      | Learned a level 3 spell: Conjure Flame
  2485 | D:3      | Reached skill level 4 in Fire Magic
  2627 | D:3      | Reached XP level 4. HP: 23/27 MP: 4/9
  2672 | D:3      | Found an opulent altar of Gozag.
  2756 | D:3      | Noticed M4edhros's ghost (weakling OpAr)
  2773 | D:3      | Killed M4edhros's ghost
  2868 | D:3      | Found a shattered altar of Ashenzari.
  2868 | D:3      | Found a sacrificial altar of Ru.
  3159 | D:4      | Noticed an ogre
  3193 | D:3      | Killed an ogre
  3193 | D:3      | Reached XP level 5. HP: 31/31 MP: 0/12
  3550 | D:4      | Noticed a two-headed ogre
  3574 | D:4      | Killed a two-headed ogre
  3574 | D:4      | Reached skill level 5 in Fire Magic
  3574 | D:4      | Reached XP level 6. HP: 36/36 MP: 2/14
  3675 | D:4      | Learned a level 4 spell: Sticky Flame
  3840 | D:4      | Reached skill level 5 in Spellcasting
  4067 | D:4      | Found a blossoming altar of Fedhas.
  4208 | D:5      | Entered Level 5 of the Dungeon
  4210 | D:5      | Reached XP level 7. HP: 41/41 MP: 15/15
  4323 | D:5      | Reached skill level 1 in Short Blades
  4391 | D:5      | Reached skill level 1 in Fighting
  4637 | D:5      | Reached skill level 5 in Conjurations
  4664 | D:5      | Learned a level 5 spell: Fireball
  4792 | D:5      | Found a stormy altar of Qazlal.
  5261 | D:6      | Found a sand-covered staircase.
  5288 | Ossuary  | Entered an ossuary
  5299 | Ossuary  | Reached XP level 8. HP: 14/50 MP: 8/17
  5645 | D:5      | Reached skill level 6 in Spellcasting
  6279 | D:6      | Found Reprolat's Book Boutique.
  6289 | D:6      | Found a staircase to the Ecumenical Temple.
  6531 | D:6      | Found a glowing golden altar of the Shining One.
  7042 | D:6      | Found a glowing silver altar of Zin.
  7043 | D:6      | Noticed an angel
  7237 | D:6      | Noticed Eustachio
  7260 | D:6      | Killed Eustachio
  7696 | D:7      | Slain by an iguana

Action                   |  1- 3 |  4- 6 |  7- 9 || total
-------------------------+-------+-------+-------++-------
Melee: Club              |     5 |       |       ||     5
       Short sword       |    19 |     4 |    20 ||    43
       Dagger            |       |       |     7 ||     7
 Fire: Hunting sling     |       |     5 |    27 ||    32
 Cast: Flame Tongue      |    81 |    54 |    94 ||   229
       Throw Flame       |     1 |       |     4 ||     5
       Conjure Flame     |       |     7 |     7 ||    14
       Sticky Flame      |       |       |    12 ||    12
Evoke: Wand              |       |     2 |     1 ||     3
  Use: Scroll            |     6 |     4 |     5 ||    15
  Eat: Chunk             |     5 |     6 |    12 ||    23
